 Dungeon Crawl Stone Soup version 0.27-a0-1301-g128193abf8 (webtiles) character file.

Game seed: 11512696846908257963

590177 Feb132020 the Sorcerer (level 26, -16/163 HPs)
             Began as a Deep Elf Conjurer on June 13, 2021.
             Was the Champion of Ashenzari.
             Killed from afar by a tengu reaver (46 damage)
             ... with a bolt of cold
             ... on level 5 of the Vaults on June 17, 2021.
             The game lasted 13:21:35 (85689 turns).

Feb132020 the Sorcerer (Deep Elf Conjurer)         Turns: 85689, Time: 13:21:36

Health: -16/163    AC: 30    Str:  6    XL:     26   Next: 65%
Magic:  40/56      EV: 23    Int: 37    God:    Ashenzari [******]
Gold:   2823       SH:  8    Dex: 20    Spells: 8/79 levels left

rFire    + . .     SeeInvis +   a - +9 quick blade "Paranoia of Ashenzari" {protect, Bglg, Alch} (curse)
rCold    . . .     Faith    .   G - +0 buckler "Enigmatic Inaction" {Regen+, Bglg, Self} (curse)
rNeg     + + +     Spirit   .   j - +1 ring mail "Per Aspera Ad Scientiam" {rN+, Cun, Evo} (curse)
rPois    .         Reflect  .   g - +2 helmet of Toth-Mos's Legacy {Int+3, Self, Comp} (curse)
rElec    .         Harm     .   Y - +1 cloak of the Tethered Portent {Will+, Bglg, Melee} (curse)
rCorr    +         Rampage  .   S - +2 pair of gloves of Ashenzari's Sybil {Dex+3, Bglg, Self} (curse)
Will     +++..     Clarity  +   e - +2 pair of boots of Ashenzari's Black Moon {Evo, Elem} (curse)
Stlth    ++++++++..             W - amulet of the Stellar Sage {rN+ Regen+ rCorr, Cun, Alch} (curse)
HPRegen  2.37/turn              i - ring "Clairvoyant Vision" {rN+, Cun, Bglg} (curse)
MPRegen  0.35/turn              A - ring of Ashenzari's Vision {rF+ rN+ Int+6, Cun, Fort} (curse)

@: lethally poisoned (-16 -> -24), under a protective aura, very slightly
contaminated, studying Bows
A: iridescent scales 1, weak 1
}: 2/15 runes: serpentine, barnacled
a: Renounce Religion, Shatter the Chains


You were on level 5 of the Vaults.
You worshipped Ashenzari.
Ashenzari was exalted by your worship.
You visited 10 branches of the dungeon, and saw 48 of its levels.
You visited the Abyss 4 times.
You visited 1 bazaar.
You also visited: Trove, Ice Cave, Volcano and Desolation.

You collected 8882 gold pieces.
You spent 6059 gold pieces at shops.

Inventory:

Hand Weapons
 a - the cursed +9 quick blade "Paranoia of Ashenzari" (weapon) {protect, Bglg, Alch}
   (You took it off a spriggan defender on level 4 of the Depths)

   It grants its wielder temporary protection when it strikes (+7 to AC).
   It has a curse which improves the following skills: Beguiling: Conjurations,
   Hexes and Translocations.
   Alchemy:   Poison Magic and Transmutations.
Missiles
 P - 8 atropa-tipped darts
Armour
 e - the cursed +2 pair of boots of Ashenzari's Black Moon (worn) {Evo, Elem}
   (You found it on level 1 of the Snake Pit)

   It has a curse which improves the following skills: Evocations: Evocations.
   Elements:  Fire Magic, Ice Magic, Air Magic and Earth Magic.
 g - the cursed +2 helmet of Toth-Mos's Legacy (worn) {Int+3, Self, Comp}
   (You bought it in a shop on level 4 of the Snake Pit)

   It has a curse which improves the following skills: Introspection: Fighting
   and Spellcasting.
   Companions: Summonings and Necromancy.
 j - the cursed +1 ring mail "Per Aspera Ad Scientiam" (worn) {rN+, Cun, Evo}
   (You found it on level 15 of the Dungeon)

   It has a curse which improves the following skills: Cunning: Dodging and
   Stealth.
   Evocations: Evocations.
 G - the cursed +0 buckler "Enigmatic Inaction" (worn) {Regen+, Bglg, Self}
   (You found it on level 9 of the Dungeon)

   It increases your rate of health regeneration.
   It has a curse which improves the following skills: Beguiling: Conjurations,
   Hexes and Translocations.
   Introspection: Fighting and Spellcasting.
 S - the cursed +2 pair of gloves of Ashenzari's Sybil (worn) {Dex+3, Bglg, Self}
   (You found it on level 4 of the Lair of Beasts)

   It has a curse which improves the following skills: Beguiling: Conjurations,
   Hexes and Translocations.
   Introspection: Fighting and Spellcasting.
 Y - the cursed +1 cloak of the Tethered Portent (worn) {Will+, Bglg, Melee}
   (You bought it in a shop on level 3 of the Shoals)

   It has a curse which improves the following skills: Beguiling: Conjurations,
   Hexes and Translocations.
   Melee Combat: Short Blades, Long Blades, Axes, Maces & Flails, Polearms,
   Staves and Unarmed Combat.
Jewellery
 i - the cursed ring "Clairvoyant Vision" (left hand) {rN+, Cun, Bglg}
   (You found it on level 1 of the Dungeon)

   [ring of positive energy]

   It protects you from negative energy.
   It has a curse which improves the following skills: Cunning: Dodging and
   Stealth.
   Beguiling: Conjurations, Hexes and Translocations.
 A - the cursed ring of Ashenzari's Vision (right hand) {rF+ rN+ Int+6, Cun, Fort}
   (You bought it in a shop on level 2 of the Orcish Mines)

   [ring of positive energy]

   It affects your intelligence (+6).
   It protects you from fire.
   It protects you from negative energy.
   It has a curse which improves the following skills: Cunning: Dodging and
   Stealth.
   Fortitude: Armour and Shields.
 K - the amulet "Rebbejij" {rPois rF+ Regen+ SInv}
   (You found it on level 4 of the Shoals)

   [amulet of regeneration]

   It protects you from fire.
   It protects you from poison.
   It lets you see invisible.
   It increases your rate of health regeneration.
 W - the cursed amulet of the Stellar Sage (around neck) {rN+ Regen+ rCorr, Cun, Alch}
   (You bought it in a shop on level 2 of the Orcish Mines)

   [amulet of regeneration]

   It protects you from negative energy.
   It increases your rate of health regeneration.
   It protects you from acid and corrosion.
   It has a curse which improves the following skills: Cunning: Dodging and
   Stealth.
   Alchemy:   Poison Magic and Transmutations.
Wands
 k - a wand of iceblast (90)
 l - a wand of paralysis (53)
 x - a wand of mindburst (70)
 y - a wand of digging (15)
 O - a wand of flame (141)
 Q - a wand of acid (64)
Scrolls
 b - 2 scrolls of enchant weapon
 c - 7 scrolls of enchant armour
 m - 2 scrolls of fear
 r - 19 scrolls of teleportation
 t - 5 scrolls of amnesia
 v - 6 scrolls of fog
 H - 12 scrolls of magic mapping
 I - 6 scrolls of blinking
 M - 2 scrolls of holy word
 N - 3 scrolls of silence
Potions
 n - 5 potions of cancellation
 o - 10 potions of curing
 p - 8 potions of brilliance
 q - 4 potions of flight
 s - 7 potions of heal wounds
 u - a potion of resistance
 w - 12 potions of ambrosia
 z - 4 potions of berserk rage
 B - 7 potions of haste
 C - 7 potions of invisibility
 E - 3 potions of magic
 F - 7 potions of might
Miscellaneous
 d - a condenser vane
 f - a phantom mirror
 h - a box of beasts
 D - a lightning rod (4/4)
 J - a phantom mirror
 L - a phantom mirror
 T - a tin of tremorstones (2/2)
 X - a phial of floods


   Skills:
 + Level 10.4(15.9) Fighting
 + Level 13.5(16.1) Short Blades
 - Level 0.9(2.5) Polearms
 - Level 6.4 Crossbows
 + Level 7.9(10.9) Armour
 + Level 21.2(26.9) Dodging
 + Level 18.9(24.8) Stealth
 + Level 9.2(12.1) Shields
 + Level 24.4(27) Spellcasting
 + Level 17.3(24.5) Conjurations
 + Level 11.6(19.3) Hexes
 + Level 9.0(11.9) Necromancy
 + Level 9.3(17.1) Translocations
 + Level 7.7(12.2) Transmutations
 + Level 14.6(17.1) Fire Magic
 - Level 3.3(6.0) Ice Magic
 + Level 13.5(16.1) Earth Magic
 * Level 14.7(18.7) Evocations


You had 8 spell levels left.
You knew the following spells:

 Your Spells              Type           Power      Damage    Failure   Level
a - Magic Dart            Conj           100%       1d8       0%          1
b - Searing Ray           Conj           100%       3d7       0%          2
c - Dazzling Flash        Conj/Hex       100%       N/A       0%          3
d - Iskenderun's Mystic   Conj/Tloc      100%       2d19      0%          4
e - Irradiate             Conj/Tmut      55%        3d31      0%          5
f - Fulminant Prism       Conj/Hex       59%        3d25      0%          4
g - Cause Fear            Hex            57%        N/A       0%          4
h - Ensorcelled Hibernat  Hex/Ice        100%       N/A       0%          2
i - Ice Form              Ice/Tmut       87%        N/A       1%          4
j - Passage of Golubria   Tloc           N/A        N/A       0%          4
k - Summon Lightning Spi  Summ/Air       52%        N/A       9%          4
l - Lee's Rapid Deconstr  Erth           53%        3d26*     1%          5
m - Bolt of Magma         Conj/Fire/Erth 56%        4d22      0%          5
p - Passwall              Tmut/Erth      84%        N/A       0%          2
s - Sticky Flame          Conj/Fire      100%       2d11      0%          4
t - Tukima's Dance        Hex            100%       N/A       0%          3
v - Vampiric Draining     Necr           47%        2d12      1%          3
A - Apportation           Tloc           100%       N/A       0%          1
B - Blink                 Tloc           N/A        N/A       0%          2
D - Dispel Undead         Necr           95%        3d30      1%          4
F - Fireball              Conj/Fire      58%        3d22      0%          5

Your spell library contained the following spells:

 Spells                   Type           Power      Damage    Failure   Level
 Animate Skeleton         Necr           100%       N/A       0%          1
 Beastly Appendage        Tmut           100%       N/A       0%          1
 Corona                   Hex            100%       N/A       0%          1
 Foxfire                  Conj/Fire      100%       2x1d9     0%          1
 Pain                     Necr           100%       1d9       0%          1
 Sandblast                Erth           100%       2d20      0%          1
 Shock                    Conj/Air       100%       1d9       0%          1
 Slow                     Hex            100%       N/A       0%          2
 Static Discharge         Conj/Air       97%        N/A       0%          2
 Sublimation of Blood     Necr           47%        N/A       0%          2
 Wereblood                Tmut           96%        N/A       0%          2
 Confusing Touch          Hex            100%       N/A       0%          3
 Conjure Flame            Conj/Fire      100%       6-21      0%          3
 Gell's Gravitas          Tloc           54%        N/A       0%          3
 Inner Flame              Hex/Fire       100%       N/A       0%          3
 Portal Projectile        Hex/Tloc       100%       N/A       0%          3
 Stone Arrow              Conj/Erth      100%       3d13      0%          3
 Leda's Liquefaction      Hex/Erth       55%        N/A       0%          4
 Iskenderun's Battlesphe  Conj           100%       2d15      0%          5
 Freeze                   Ice            100%       1d11      1%          1
 Sting                    Tmut/Pois      100%       1d8       1%          1
 Summon Small Mammal      Summ           100%       N/A       1%          1
 Call Imp                 Summ           52%        N/A       1%          2
 Corpse Rot               Necr/Air       N/A        N/A       1%          2
 Frozen Ramparts          Ice            100%       1d12      1%          3
 Ignite Poison            Fire/Tmut/Pois 90%        N/A       1%          3
 Mephitic Cloud           Conj/Pois/Air  85%        N/A       1%          3
 Ozocubu's Armour         Ice            76%        N/A       1%          3
 Spider Form              Tmut/Pois      39%        N/A       1%          3
 Animate Armour           Summ/Erth      100%       N/A       1%          4
 Animate Dead             Necr           47%        N/A       1%          4
 Hailstorm                Conj/Ice       100%       3d20      1%          4
 Petrify                  Tmut/Erth      100%       N/A       1%          4
 Agony                    Necr           95%        N/A       1%          5
 Blade Hands              Tmut           48%        N/A       1%          5
 Borgnjor's Vile Clutch   Necr/Erth      50%        N/A       1%          5
 Excruciating Wounds      Necr           47%        N/A       1%          5
 Lightning Bolt           Conj/Air       48%        1d69      1%          5
 Manifold Assault         Tloc           100%       N/A       1%          5
 Metabolic Englaciation   Hex/Ice        48%        N/A       1%          5
 Silence                  Hex/Air        44%        N/A       1%          5
 Summon Forest            Summ/Tloc      43%        N/A       1%          5
 Summon Mana Viper        Hex/Summ       89%        N/A       1%          5
 Yara's Violent Unravell  Hex/Tmut       52%        3d20      1%          5
 Conjure Ball Lightning   Conj/Air       48%        3x3d17    1%          6
 Death Channel            Necr           47%        N/A       1%          6
 Dispersal                Tloc           54%        N/A       1%          6
 Iron Shot                Conj/Erth      58%        9d11      1%          6
 Starburst                Conj/Fire      58%        8x6d16    1%          6
 Statue Form              Tmut/Erth      67%        N/A       1%          6
 Orb of Destruction       Conj           62%        9d17      1%          7
 Lehudib's Crystal Spear  Conj/Erth      58%        10d13     1%          8
 Call Canine Familiar     Summ           52%        N/A       2%          3
 Swiftness                Air            52%        N/A       2%          3
 Discord                  Hex            57%        N/A       2%          8
 Simulacrum               Ice/Necr       43%        N/A       4%          6
 Spellforged Servitor     Conj/Summ      48%        N/A       5%          7
 Dragon Form              Tmut           48%        N/A       6%          7
 Disjunction              Tloc           54%        N/A       6%          8
 Ignition                 Fire           54%        3d15      6%          8
 Airstrike                Air            26%        N/A       9%          4
 Necromutation            Tmut/Necr      48%        N/A       45%         8
 Borgnjor's Revivificati  Necr           47%        N/A       47%         8
 Infestation              Necr           47%        N/A       47%         8
 Storm Form               Tmut/Air       38%        N/A       56%         7
 Shadow Creatures         Summ           N/A        N/A       80%         6
 Summon Hydra             Summ           26%        N/A       100%        7
 Fire Storm               Conj/Fire      58%        8d15      22%         9
 Shatter                  Erth           53%        3d40*     82%         9
 Chain Lightning          Conj/Air       48%        3d64      100%        9
 Death's Door             Necr           47%        N/A       100%        9
 Polar Vortex             Ice            38%        N/A       100%        9


Dungeon Overview and Level Annotations

Branches:
Dungeon (15/15)            Temple (1/1) D:4            Lair (6/6) D:9
 Shoals (4/4) Lair:3        Snake (4/4) Lair:4        Slime (0/5) Lair:5
    Orc (2/2) D:12            Elf (3/3) Orc:2        Vaults (5/5) D:14
  Crypt (3/3) Vaults:3       Tomb (0/3) Crypt:3      Depths (5/5) D:15
    Zot (0/5) Depths:5      IceCv (visited)         Volcano (visited)
Desolation (visited)

Altars:
Ashenzari
Cheibriados
Dithmenos
Elyvilon
Fedhas
Gozag
Hepliaklqana
Kikubaaqudgha
Makhleb
Nemelex Xobeh
Okawaru
Qazlal
Ru
Sif Muna
Trog
Uskayaw
Vehumet
Wu Jian
Xom
Yredelemnul
Zin
The Shining One
Beogh
Jiyva

Shops:
D:3 (   D:15 [   Orc:1 =   Orc:2 ==[!   Elf:2 :   Shoals:3 (**[   Snake:4 *
Vaults:2 =   Vaults:4 [[[[   Depths:1 *   Depths:3 :[

Portals:
Hell: Depths:1 Depths:2 Depths:3 Depths:4 Depths:5
Abyss: Depths:3 Depths:4
Pandemonium: Depths:1 Depths:3 Depths:5
Ziggurat: Depths:3

Annotations:
D:5 Dowan
Shoals:2 exclusion: alligator snapping turtle
Shoals:4 1 exclusion
Snake:1 2 transporters, exclusion: orange crystal statue, Frances


Innate Abilities, Weirdness & Mutations

You are partially covered in iridescent scales. (AC +2)
You are weak. (Str -2)


Message History

Found a +0 chain mail.
Q - a wand of acid (64) (gained 10 charges)
You feel your health improve.
A stone giant comes into view.
You flicker for a moment.
Casting: Lee's Rapid Deconstruction (safe; 1% risk of failure)
Confirm with . or Enter, or press ? or * to list all spells.
Aiming: Sticky Flame (safe; 0% risk of failure)
Press: ? - help, Shift-Dir - straight line, f - tengu reaver
Aim: a tengu reaver, wielding a +0 war axe, wearing a +0 ring mail and wearing a +2 buckler of fire resistance (100% to hit)
The sticky flame hits the tengu reaver.
The tengu reaver resists.
The tengu reaver is lightly wounded.
The tengu reaver is covered in liquid flames!
You flicker back into view.
The tengu reaver burns!
The tengu reaver casts a spell at you. The bolt of poison hits you!!
You are poisoned.
Unknown command.
You puncture the tengu reaver!
Your weapon exudes an aura of protection.
The tengu reaver is lightly wounded.
You feel sick.
The tengu reaver burns!
The tengu reaver points at you and mumbles some strange words.
The bolt of poison hits you!!
You are more poisoned.
* * * LOW HITPOINT WARNING * * *
Casting: Sticky Flame (safe; 0% risk of failure)
Confirm with . or Enter, or press ? or * to list all spells.
You erupt in a blast of force!
The mystic blast hits the tengu reaver!!
The tengu reaver is heavily wounded.
The tengu reaver is knocked back by the mystic blast.
You feel extremely sick.
The tengu reaver burns!
You feel extremely sick.
The tengu reaver burns!
The tengu reaver points at you and mumbles some strange words.
The bolt of cold hits you!!!
You die...

,...............####
, .[.............####
,,...............####
{,∆......Q....####
##*#########....####
..##.....##.....####
,...##........#..####
,#...##......##..####
#s...##....###.@####
......#...##)#..####
{$.....{..##..#..####
,[..##...##9..#..####
{ ,*#.........#..####
*,*#...#......#..#
*#...###....##..#
#...##.##...##..#
...##...##...# ,


You could see a tengu reaver (burning).

Vanquished Creatures
  An ancient lich (Depths:3)
  A juggernaut (Depths:5)
  Boris (twice) (Crypt:2 Vaults:4)
  Sojobo (Depths:2)
  Saint Roka (Depths:2)
  Xtahua (Depths:5)
  A caustic shrike (Depths:3)
  Nikola (Shoals:4)
  2 golden dragons
  the Enchantress (Depths:5)
  3 bone dragons
  A Brimstone Fiend (Depths:5)
  A tentacled monstrosity (Depths:4)
  A shard shrike zombie (Crypt:2)
  An Ice Fiend (Depths:5)
  4 liches
  Asterion (Depths:2)
  A deep elf blademaster (Elf:3)
  2 quicksilver dragons
  A titan (Depths:2)
  2 deep elf master archers (Elf:3)
  An Executioner (Abyss:1)
  4 ancient champions
  Polyphemus (Shoals:2)
  5 tentacled starspawn
  5 sphinxes
  5 shadow dragons
  7 tengu reavers
  3 storm dragons
  4 nagarajas
  2 revenants
  Roxanne (Shoals:1)
  6 fire giants
  2 draconian knights (Depths:5)
  9 deep elf sorcerers
  4 orc warlords
  13 frost giants
  An iron dragon (Depths:2)
  4 ghouls
  A balrug (Depths:5)
  11 vault wardens
  3 deep elf elementalists (Elf:3)
  2 curse skulls (Crypt:3)
  7 reapers
  10 ironbound preservers
  26 very ugly things
  5 spriggan defenders
  15 stone giants
  3 white draconians (Depths:5)
  A black draconian (Depths:5)
  9 deep elf demonologists
  4 vampire knights
  3 starcursed masses (Abyss:1)
  5 spark wasps
  A red draconian (Depths:5)
  2 yellow draconians
  4 deep elf annihilators (Elf:3)
  3 entropy weavers
  6 dire elephants
  13 ettins
  12 deep elf death magi
  A green death (Depths:1)
  Snorg (D:14)
  A crystal guardian (Vaults:2)
  11 eidola
  3 merfolk javelineers (Shoals:4)
  7 blizzard demons
  4 jiangshi
  A mummy priest (Crypt:3)
  7 merfolk impalers
  Josephine (Orc:1)
  5 great orbs of eyes
  9 fire dragons
  6 deep elf high priests
  6 ice dragons
  9 yaktaur captains
  7 boulder beetles
  25 vault guards
  2 salamander tyrants
  An ogre mage (Vaults:4)
  6 merfolk avatars
  7 rakshasas
  11 naga warriors
  A quicksilver dragon skeleton (Crypt:3)
  9 ironbound thunderhulks
  4 spriggan air magi
  6 ironbound frosthearts
  11 hydras
  2 peacekeepers
  15 centaur warriors
  A satyr (Shoals:4)
  6 anacondas
  4 catoblepae
  8 merfolk aquamancers
  27 dancing weapons
  4 two-headed ogres
  4 alligator snapping turtles
  8 deep troll shamans
  4 death knights
  8 orc high priests
  10 death yaks
  20 tengu warriors
  6 shock serpents
  4 titan zombies (Crypt:3)
  5 hell hogs
  6 deep troll earth magi
  18 spriggan berserkers
  7 soul eaters
  11 thrashing horrors
  5 spriggans
  23 deep elf knights
  2 shadow wraiths
  6 ironbound beastmasters
  12 naga sharpshooters
  A wretched star (Abyss:1)
  2 fire crabs (Lair:1)
  5 sun demons
  9 iron trolls
  15 skeletal warriors
  19 sea snakes
  A spatial maelstrom (Abyss:5)
  4 sixfirhies
  8 salamander mystics
  A golden dragon zombie (Crypt:3)
  2 gelid demonspawn (Depths:3)
  6 glowing orange brains
  38 deep trolls
  2 quicksilver dragon simulacra (Depths:2)
  2 bog bodies (Crypt:2)
  9 deep elf archers
  5 lindwurms
  10 naga ritualists
  8 flayed ghosts
  13 phantasmal warriors
  17 orc knights
  An orange crystal statue (Depths:1)
  13 wizards
  13 harpies
  A sphinx zombie (Crypt:1)
  4 iron dragon zombies (Crypt:3)
  17 ironbound convokers
  Pikel (D:6)
  32 deep elf pyromancers
  2 golden dragon skeletons
  A wolf spider zombie (Crypt:1)
  64 ugly things
  An anaconda skeleton (Crypt:1)
  29 deep elf zephyrmancers
  14 necromancers
  11 mana vipers
  2 fire giant zombies
  2 frost giant zombies
  11 manticores
  A faun (shapeshifter) (Depths:4)
  4 oklob plants
  A manticore (shapeshifter) (Depths:4)
  15 fauns
  A will-o-the-wisp (Abyss:1)
  14 salamanders
  A sphinx skeleton (Crypt:2)
  2 orc sorcerers
  6 cyclopes
  8 elephants
  3 wolf spiders
  A worldbinder (Abyss:5)
  A moth of wrath (shapeshifter) (Vaults:2)
  8 merfolk sirens
  50 black mambas
  6 water nymphs
  A shock serpent zombie (Crypt:3)
  A frost giant skeleton (Depths:1)
  16 vault sentinels
  Joseph (D:7)
  5 smoke demons
  3 fire giant skeletons
  15 naga magi
  An apocalypse crab (Abyss:1)
  3 ice statues
  2 stone giant skeletons (Crypt:3)
  An eye of devastation (shapeshifter) (Vaults:2)
  2 gargoyles
  2 guardian serpents
  12 cane toads
  4 hellions
  A catoblepas zombie (Crypt:2)
  35 yaktaurs
  6 rime drakes (Lair:6)
  3 efreet
  A rime drake (shapeshifter) (Elf:2)
  3 kobold demonologists
  4 unseen horrors
  A red devil (Abyss:1)
  14 komodo dragons
  An emperor scorpion zombie (Crypt:3)
  11 freezing wraiths
  2 ancient zymes
  13 hellwings (Crypt:3)
  2 guardian mummies (Crypt:3)
  7 tengu conjurers
  4 harpy zombies
  22 merfolk
  6 polar bears
  4 ice devils
  3 meliai (D:14)
  2 jumping spiders (Crypt:3)
  A jumping spider (shapeshifter) (D:15)
  4 wind drakes
  10 large abominations
  7 saltlings
  24 blink frogs
  2 hydra skeletons
  9 hornets
  7 trolls
  24 slime creatures
  12 snapping turtles
  14 raiju
  11 dream sheep
  A fire dragon zombie (Crypt:3)
  3 air elementals
  13 water elementals
  2 ynoxinuls
  A black mamba zombie (Crypt:2)
  13 wraiths
  6 flying skulls
  14 redbacks
  An ettin skeleton (Crypt:3)
  2 fire dragon skeletons (Crypt:3)
  A centaur simulacrum (D:14)
  Eustachio (D:4)
  A tarantella (Vaults:1)
  6 wyverns
  6 humans
  A vampire (D:7)
  15 basilisks
  2 fire bats (Lair:1)
  52 yaks
  A hog (shapeshifter) (D:14)
  12 vampire mosquitoes
  9 fire elementals
  A black mamba skeleton (Crypt:3)
  2 neqoxecs (Abyss:5)
  Menkaure (D:7)
  A chaos spawn (Depths:3)
  2 steam dragons
  An acid dragon (D:10)
  15 water moccasins
  2 wargs
  46 nagas
  A cane toad zombie (Crypt:3)
  6 hell hounds
  Duvessa (D:5)
  15 small abominations
  A floating eye (shapeshifter) (Depths:4)
  3 floating eyes (D:10)
  47 orc warriors
  A sky beast (D:5)
  7 ice beasts
  A manticore zombie (Shoals:1)
  3 black bears
  2 necrophages
  3 snapping turtle zombies
  A snapping turtle skeleton (Crypt:3)
  4 ettin simulacra (Depths:2)
  9 wolves
  A lindwurm skeleton (Crypt:1)
  4 ogres
  An ice dragon simulacrum (Depths:1)
  2 lemures (D:6)
  11 centaurs
  A blink frog skeleton (Crypt:1)
  A swamp dragon skeleton (Crypt:3)
  A phantom (D:6)
  6 kobold brigands
  11 bullfrogs
  A gnoll sergeant (D:9)
  A water moccasin zombie (D:6)
  7 earth elementals
  A scorpion (D:5)
  7 wyvern skeletons
  A yak zombie (Crypt:2)
  14 killer bees
  9 wights
  3 howler monkeys
  4 electric eels (Snake:2)
  2 crimson imps (Depths:5)
  2 human zombies
  A quasit (Abyss:1)
  2 centaur zombies
  32 orc priests
  2 centaur skeletons
  3 jellies
  Crazy Yiuf (D:5)
  A bullfrog skeleton (D:5)
  2 iron imps (Abyss:1)
  A scorpion zombie (Crypt:1)
  An iguana (D:4)
  14 orc wizards
  2 killer bee zombies
  A sky beast zombie (Crypt:2)
  A naga skeleton (Crypt:1)
  A demigod skeleton (Crypt:1)
  3 hound skeletons (D:4)
  A mummy (Crypt:3)
  2 howler monkey skeletons
  A howler monkey zombie (D:6)
  8 gnolls
  4 adders
  A naga simulacrum (Crypt:1)
  2 white imps
  3 ufetubi
  3 worms
  2 dart slugs
  54 orcs
  2 ball pythons (D:3)
  A bat zombie (Shoals:1)
  4 endoplasms
  A giant cockroach (D:2)
  9 goblins
  7 hobgoblins
  3 jackals (D:1)
  2 quokkas (D:1)
  7 bats
  3 frilled lizards
  A jackal skeleton (Crypt:2)
  25 kobolds
  A quokka skeleton (D:4)
  2 rats (D:2)
  A starspawn tentacle (Abyss:1)
2146 creatures vanquished.

Vanquished Creatures (collateral kills)
  A juggernaut (Depths:4)
  A sphinx (Vaults:1)
  A fire giant (Depths:4)
  A centaur warrior (Vaults:1)
  2 hell hogs (Depths:2)
  2 naga magi (Snake:1)
  A vault sentinel (Vaults:1)
  A centaur zombie (D:9)
10 creatures vanquished.

Vanquished Creatures (others)
  A boulder beetle (D:14)
  A merfolk avatar (Shoals:4)
  2 deep elf zephyrmancers
  A human (D:14)
  An orc warrior (Elf:3)
  An ettin simulacrum (Depths:2)
  A jelly (Abyss:1)
  An orc (Orc:1)
  7 bushes (Depths:3)
  A butterfly (Depths:3)
  8 foxfires (Abyss:1)
  43 fulminant prisms
  30 fungi
  126 plants
  12 starspawn tentacles
  21 withered plants
257 creatures vanquished.

Grand Total: 2413 creatures vanquished

Notes
Turn   | Place    | Note
-------+----------+-------------------------------------------
     0 | D:1      | Feb132020 the Deep Elf Conjurer began the quest for the
                  | Orb.
     0 | D:1      | Reached XP level 1. HP: 10/10 MP: 6/6
   249 | D:1      | Reached XP level 2. HP: 12/15 MP: 8/8
   257 | D:1      | Learned a level 2 spell: Searing Ray
   613 | D:1      | Reached skill level 5 in Conjurations
  1096 | D:2      | Reached XP level 3. HP: 19/19 MP: 7/9
  1100 | D:2      | Learned a level 3 spell: Dazzling Flash
  2152 | D:3      | Reached skill level 1 in Hexes
  2234 | D:3      | Found a burning altar of Makhleb.
  2243 | D:3      | Reached XP level 4. HP: 24/24 MP: 6/11
  2495 | D:3      | Found Kanaasy's Weapon Boutique.
  2717 | D:3      | Found an ancient bone altar of Kikubaaqudgha.
  2929 | D:4      | Found a staircase to the Ecumenical Temple.
  2939 | Temple   | Entered the Ecumenical Temple
  2952 | Temple   | Became a worshipper of Ashenzari the Shackled
  3044 | D:4      | Found an opulent altar of Gozag.
  3132 | D:4      | Reached XP level 5. HP: 28/28 MP: 9/12
  3231 | D:4      | Found an ornate altar of the Wu Jian Council.
  3294 | D:4      | Reached skill level 1 in Short Blades
  3294 | D:4      | Reached skill level 4 in Spellcasting
  3388 | D:4      | Found a glowing golden altar of the Shining One.
  3584 | D:4      | Reached XP level 6. HP: 33/33 MP: 6/14
  3890 | D:5      | Entered Level 5 of the Dungeon
  3890 | D:5      | Noticed Eustachio
  3897 | D:4      | Killed Eustachio
  3898 | D:4      | Reached skill level 1 in Fighting
  3898 | D:4      | Reached skill level 5 in Stealth
  3939 | D:5      | Reached XP level 7. HP: 38/38 MP: 15/15
  4092 | D:5      | Noticed Duvessa
  4404 | D:5      | Found a hide-covered altar of Uskayaw.
  4454 | D:5      | Noticed Dowan
  4507 | D:5      | Found a runed translucent door.
  4508 | D:5      | Noticed Crazy Yiuf
  4519 | D:5      | Killed Crazy Yiuf
  4648 | D:5      | Killed Duvessa
  4649 | D:5      | Reached skill level 5 in Spellcasting
  4735 | D:6      | Reached skill level 5 in Hexes
  4757 | D:6      | Reached XP level 8. HP: 44/44 MP: 8/18
  5279 | D:6      | Noticed Pikel
  5288 | D:6      | Killed Pikel
  5333 | D:6      | Found a stormy altar of Qazlal.
  5717 | D:7      | Reached skill level 5 in Dodging
  5832 | D:7      | Reached XP level 9. HP: 34/50 MP: 16/20
  5929 | D:7      | Noticed Joseph
  5933 | D:7      | Reached skill level 6 in Spellcasting
  5984 | D:7      | Noticed a kobold demonologist
  5990 | D:7      | Noticed a red devil
  5991 | D:7      | Noticed a red devil
  5991 | D:7      | Noticed a kobold demonologist
  5992 | D:7      | Noticed a smoke demon
  5992 | D:7      | Killed a kobold demonologist
  5997 | D:7      | Killed a kobold demonologist
  5999 | D:7      | Reached skill level 5 in Short Blades
  6070 | D:7      | Noticed an angel
  6071 | D:7      | Found a glowing silver altar of Zin.
  6073 | D:7      | Found a shimmering altar of Xom.
  6185 | D:7      | Learned a level 4 spell: Fulminant Prism
  6371 | D:7      | Noticed Menkaure
  6644 | D:8      | Found a sparkling altar of Nemelex Xobeh.
  6890 | D:8      | Reached skill level 7 in Spellcasting
  6899 | D:8      | Reached XP level 10. HP: 56/56 MP: 15/23
  7779 | D:8      | Identified the +8 halberd of Intimidation {drain, *Slow rN+
                  | Stlth+}
  7805 | D:8      | Noticed a two-headed ogre
  7902 | D:8      | Reached skill level 8 in Spellcasting
  7907 | D:8      | Killed a two-headed ogre
  8484 | D:8      | Reached * piety under Ashenzari
  8501 | D:9      | Reached skill level 9 in Spellcasting
  8679 | D:9      | Paralysed by a hornet for 2 turns
  8693 | D:9      | Noticed a death yak
  8716 | D:9      | Noticed a death yak
  8721 | D:9      | Noticed a death yak
  8722 | D:9      | Noticed a death yak
  8737 | D:8      | Killed a death yak
  8738 | D:8      | Reached XP level 11. HP: 24/61 MP: 24/27
  8938 | D:9      | Found a staircase to the Lair.
  9006 | D:9      | Noticed a death yak
  9007 | D:9      | Identified the +0 buckler "Viblamow" {Regen+}
  9031 | D:9      | Noticed a death yak
  9045 | D:9      | Killed a death yak
  9046 | D:9      | Reached skill level 10 in Hexes
  9057 | D:9      | Killed a death yak
  9063 | D:9      | Killed a death yak
  9515 | D:9      | Found a blossoming altar of Fedhas.
  9515 | D:9      | Found a sacrificial altar of Ru.
  9820 | D:9      | Upgraded the game from 0.27-a0-1280-g9d2d252d84 to
                  | 0.27-a0-1281-ge233d83751
  9824 | D:10     | Entered Level 10 of the Dungeon
  9885 | Lair:1   | Entered Level 1 of the Lair of Beasts
  9950 | Lair:1   | Reached skill level 10 in Spellcasting
 10086 | Lair:1   | Reached skill level 1 in Translocations
 10186 | Lair:1   | Learned a level 4 spell: Iskenderun's Mystic Blast
 10215 | Lair:1   | Found a transporter.
 10271 | Lair:1   | Identified the +6 quarterstaff of Casanubb {freeze, +Blink
                  | rElec}
 10897 | Lair:1   | Found a transporter.
 10898 | Lair:1   | Identified the +6 mace of Sirchagee {freeze, +Rage Str+3
                  | Int+2}
 10899 | Lair:1   | Identified the -1 pair of boots of Past Mistakes {rElec rC+
                  | Dex-2}
 10900 | Lair:1   | Noticed a fire crab
 10900 | Lair:1   | Noticed a fire crab
 10927 | Lair:1   | Reached XP level 12. HP: 57/68 MP: 29/29
 11180 | Lair:1   | Reached skill level 10 in Stealth
 11383 | Lair:2   | Noticed a six-headed hydra
 11439 | Lair:2   | Reached ** piety under Ashenzari
 11698 | Lair:2   | Reached skill level 1 in Shields
 12036 | Lair:2   | Learned a level 2 spell: Passwall
 12496 | Lair:2   | Killed a six-headed hydra
 12497 | Lair:2   | Reached skill level 1 in Transmutations
 12497 | Lair:2   | Reached skill level 1 in Earth Magic
 12939 | Lair:2   | Reached skill level 5 in Translocations
 13017 | Lair:3   | Identified the +9 hand crossbow of the Skies Above {flame,
                  | rElec rC- rCorr Stlth+}
 13331 | D:9      | Killed a death yak
 13364 | D:9      | Killed a death yak
 13365 | D:9      | Reached skill level 10 in Conjurations
 13514 | D:7      | Killed Joseph
 13574 | D:7      | Killed Menkaure
 14592 | Lair:3   | Reached skill level 10 in Dodging
 14597 | Lair:3   | Reached XP level 13. HP: 73/76 MP: 25/32
 14599 | Lair:3   | Reached skill level 11 in Spellcasting
 14690 | Lair:3   | Found a staircase to the Shoals.
 15342 | Lair:4   | Reached *** piety under Ashenzari
 15346 | Lair:4   | Learned a level 2 spell: Ensorcelled Hibernation
 15696 | Lair:4   | Reached skill level 1 in Ice Magic
 15779 | Lair:4   | Reached **** piety under Ashenzari
 16022 | Lair:4   | Found a staircase to the Snake Pit.
 16773 | Lair:5   | Found a viscous altar of Jiyva.
 16773 | Lair:5   | Found a staircase to the Slime Pits.
 16904 | Lair:5   | Reached skill level 5 in Fighting
 16915 | Lair:5   | Reached skill level 5 in Earth Magic
 17242 | Lair:6   | Entered Level 6 of the Lair of Beasts
 17732 | Lair:6   | Reached skill level 1 in Crossbows
 17855 | Lair:6   | Reached XP level 14. HP: 86/86 MP: 34/35
 18430 | Lair:6   | Reached skill level 1 in Evocations
 19057 | D:10     | Paralysed by a floating eye for 4 turns
 19077 | D:10     | Paralysed by a floating eye for 2 turns
 19084 | D:10     | Paralysed by a floating eye for 4 turns
 19522 | D:10     | Reached skill level 12 in Spellcasting
 20819 | D:12     | Learned a level 1 spell: Apportation
 20947 | D:12     | Found a staircase to the Orcish Mines.
 21323 | Orc:1    | Entered Level 1 of the Orcish Mines
 21406 | Orc:1    | Found Wofom's Jewellery Boutique.
 21502 | Orc:1    | Noticed Josephine
 21513 | Orc:1    | Killed Josephine
 21543 | D:12     | Learned a level 5 spell: Lee's Rapid Deconstruction
 22079 | Orc:1    | Upgraded the game from 0.27-a0-1281-ge233d83751 to
                  | 0.27-a0-1290-g15d3ce7508
 22224 | Orc:2    | Entered Level 2 of the Orcish Mines
 22269 | Orc:2    | Found a staircase to the Elven Halls.
 22323 | Orc:2    | Found a dark tunnel.
 22399 | Volcano  | Entered a volcano
 22443 | Volcano  | Noticed a stone giant
 22465 | Volcano  | Killed a stone giant
 22540 | Volcano  | Identified the +4 fire dragon scales of Shielding {rF++ rC-
                  | rN+}
 22564 | Volcano  | Reached skill level 10 in Short Blades
 23050 | Orc:2    | Reached XP level 15. HP: 59/92 MP: 35/37
 23285 | Orc:2    | Reached skill level 1 in Armour
 23543 | Orc:2    | Reached XP level 16. HP: 97/97 MP: 39/39
 23791 | Orc:2    | Reached skill level 13 in Spellcasting
 24147 | Orc:2    | Found Haku's Jewellery Emporium.
 24148 | Orc:2    | Found Iduqeitz's Antique Armour Shoppe.
 24148 | Orc:2    | Found Diafam's Distillery.
 24149 | Orc:2    | Found Suaden's Jewellery Emporium.
 24156 | Orc:2    | Bought the ring of Pacuekul {rF+ rN+ Int+6} for 466 gold
                  | pieces
 24160 | Orc:2    | Bought the amulet "Qoolin" {rN+ Regen+ rCorr} for 655 gold
                  | pieces
 24167 | Orc:2    | Bought a potion of mutation for 112 gold pieces
 24167 | Orc:2    | Bought a potion of mutation for 112 gold pieces
 24167 | Orc:2    | Bought a potion of experience for 700 gold pieces
 24167 | Orc:2    | Reached skill level 5 in Transmutations
 24167 | Orc:2    | Reached XP level 17. HP: 100/100 MP: 39/39
 24168 | Orc:2    | Gained mutation: You are dopey. (Int -2) [potion of
                  | mutation]
 24168 | Orc:2    | Gained mutation: Your magical capacity is low. (-10% MP)
                  | [potion of mutation]
 24168 | Orc:2    | Gained mutation: You possess an exceptional clarity of
                  | mind. [potion of mutation]
 24169 | Orc:2    | Lost mutation: You possess an exceptional clarity of mind.
                  | [potion of mutation]
 24169 | Orc:2    | Lost mutation: You are dopey. (Int -2) [potion of mutation]
 24169 | Orc:2    | Lost mutation: Your magical capacity is low. (-10% MP)
                  | [potion of mutation]
 24169 | Orc:2    | Gained mutation: You are clumsy. (Dex -2) [potion of
                  | mutation]
 24169 | Orc:2    | Gained mutation: Your spells are a little harder to cast,
                  | but a little more powerful. [potion of mutation]
 24627 | D:13     | Found a frozen archway.
 24648 | IceCv    | Entered an ice cave
 24744 | IceCv    | Found a transporter.
 24786 | IceCv    | Identified the +4 ring mail "Fagexic" {Rampage SInv}
 24893 | IceCv    | Found a transporter.
 25176 | D:13     | Learned a level 5 spell: Irradiate
 25907 | D:14     | Identified the +1 plate armour of Emuilyv {Str+3}
 26242 | D:14     | Found a gate to the Vaults.
 26277 | D:14     | Noticed Snorg
 26292 | D:14     | Killed Snorg
 27167 | D:14     | Learned a level 5 spell: Fireball
 27579 | D:15     | Entered Level 15 of the Dungeon
 27756 | D:15     | Reached skill level 1 in Fire Magic
 27836 | D:15     | Found a staircase to the Depths.
 27908 | D:15     | Reached skill level 14 in Spellcasting
 28077 | D:15     | Found Niuttasa's Antique Armour Emporium.
 29325 | Shoals:1 | Entered Level 1 of the Shoals
 30195 | Shoals:1 | Reached XP level 18. HP: 78/108 MP: 39/41
 30347 | Shoals:1 | Identified the +9 plate armour of the Mind {rPois Str-3
                  | Slay+3}
 30403 | Shoals:1 | Identified Roxanne's Incunabulum of Clay
 30403 | Shoals:1 | Noticed Roxanne
 30407 | Shoals:1 | Killed Roxanne
 30527 | Shoals:1 | Learned a level 4 spell: Sticky Flame
 30710 | Shoals:1 | Reached skill level 5 in Crossbows
 31244 | Shoals:2 | Reached skill level 5 in Fire Magic
 32414 | Shoals:2 | Reached ***** piety under Ashenzari
 33014 | Shoals:3 | Reached skill level 5 in Shields
 33048 | Shoals:4 | Entered Level 4 of the Shoals
 33117 | Shoals:3 | Noticed Polyphemus
 33138 | Shoals:2 | Killed Polyphemus
 33735 | Shoals:2 | Reached skill level 15 in Spellcasting
 34188 | Shoals:3 | Found Liuwirch's Visitors' Centre.
 34188 | Shoals:3 | Found Liuwirch's Merfolk Armours.
 34194 | Shoals:3 | Found Liuwirch's Merfolk Weapons.
 34194 | Shoals:3 | Found Liuwirch's Merfolk Magic.
 34218 | Shoals:3 | Bought a +1 cloak of willpower for 330 gold pieces
 34488 | Shoals:4 | Identified the amulet "Rebbejij" {rPois rF+ Regen+ SInv}
 34556 | Shoals:4 | Noticed Nikola
 34576 | Shoals:4 | Killed Nikola
 35201 | Shoals:4 | Got a barnacled rune of Zot
 36529 | Elf:1    | Entered Level 1 of the Elven Halls
 36557 | Elf:1    | Reached XP level 19. HP: 117/117 MP: 45/45
 36750 | Elf:1    | Found a bloodstained altar of Trog.
 36933 | Elf:1    | Found the +7 sceptre of Torment {pain, torment}
 36940 | Elf:1    | Reached skill level 15 in Stealth
 36945 | Elf:1    | Paralysed by an air elemental for 1 turns
 36948 | Elf:1    | Paralysed by an air elemental for 1 turns
 36951 | Elf:1    | Paralysed by an air elemental for 1 turns
 37333 | Elf:1    | Upgraded the game from 0.27-a0-1290-g15d3ce7508 to
                  | 0.27-a0-1296-g8ece459b43
 37463 | Elf:1    | Reached skill level 16 in Spellcasting
 39416 | Elf:2    | Found Qyil's Self-Improvement Boutique.
 39543 | Elf:2    | Identified the +10 hunting sling of Ruoh {freeze, Fly rPois
                  | Str+3}
 39638 | Elf:2    | Found a huge runed translucent gate.
 39638 | Elf:2    | Found a huge runed translucent gate.
 39638 | Elf:2    | Found a huge runed translucent gate.
 39654 | Elf:2    | Found a huge runed translucent gate.
 39654 | Elf:2    | Found a huge runed translucent gate.
 41120 | Elf:3    | Entered Level 3 of the Elven Halls
 41124 | Elf:2    | Reached skill level 10 in Fire Magic
 41308 | Elf:3    | Paralysed by an air elemental for 1 turns
 41314 | Elf:3    | Paralysed by an air elemental for 1 turns
 41317 | Elf:3    | Paralysed by an air elemental for 1 turns
 41322 | Elf:3    | Paralysed by an air elemental for 1 turns
 41326 | Elf:3    | Paralysed by an air elemental for 1 turns
 41789 | Elf:3    | Reached ****** piety under Ashenzari
 41878 | Elf:3    | Found a portal to a secret trove of treasure.
 42339 | Snake:1  | Entered Level 1 of the Snake Pit
 42444 | Snake:1  | Reached XP level 20. HP: 125/128 MP: 36/49
 42859 | Lair:4   | Reached skill level 17 in Spellcasting
 42913 | Lair:4   | Learned a level 3 spell: Tukima's Dance
 43058 | Snake:1  | Found a transporter.
 43065 | Snake:1  | Noticed Frances
 43256 | Snake:1  | Identified the +2 pair of boots "Omnias" {Stlth+}
 43257 | Snake:1  | Found a transporter.
 46686 | Elf:3    | Paralysed by an air elemental for 1 turns
 47044 | Elf:3    | Reached skill level 5 in Armour
 47522 | Elf:3    | Reached skill level 10 in Earth Magic
 47665 | Elf:3    | Reached skill level 18 in Spellcasting
 47782 | Elf:3    | Identified the +7 chain mail of an ossuary {Will- Dex+6}
 47784 | Elf:3    | Identified the Reference Book on Creative Transformation
 47894 | Elf:3    | Identified Sif Muna's Handbook of Creative Stolen Souls
 47901 | Elf:3    | Identified the +9 whip "Kearch" {freeze, rElec rC+}
 47901 | Elf:3    | Identified the +6 shortbow of Panniogh {speed, Str+3}
 47903 | Elf:3    | Identified a scroll of acquirement
 47915 | Elf:3    | Acquired Feb132020's Grimoire of Transformation and
                  | Beguiling
 48156 | Vaults:1 | Entered Level 1 of the Vaults
 48466 | Vaults:1 | Reached XP level 21. HP: 44/134 MP: 25/51
 48537 | D:14     | Learned a level 4 spell: Cause Fear
 51455 | Vaults:2 | Found Fyel's Jewellery Shoppe.
 52483 | Snake:4  | Entered Level 4 of the Snake Pit
 52700 | Snake:4  | Acquired 616 gold pieces
 52809 | Snake:4  | Found Piwutin's General Store.
 52812 | Snake:4  | Bought a +2 helmet of intelligence for 365 gold pieces
 52989 | Snake:4  | Acquired the Tome of the Congealing Mountains
 52997 | Snake:4  | Learned a level 5 spell: Bolt of Magma
 53120 | Snake:4  | Identified the +1 scale mail of Blue Life {Regen+}
 53625 | Snake:4  | Reached skill level 19 in Spellcasting
 55342 | Snake:4  | Got a serpentine rune of Zot
 55350 | Snake:4  | Learned a level 3 spell: Vampiric Draining
 55355 | Snake:4  | Learned a level 4 spell: Dispel Undead
 55884 | Vaults:2 | Reached XP level 22. HP: 140/144 MP: 45/54
 55887 | Vaults:2 | Reached skill level 1 in Necromancy
 56737 | Vaults:3 | Reached skill level 15 in Conjurations
 57509 | Vaults:3 | Found a staircase to the Crypt.
 57533 | Crypt:1  | Entered Level 1 of the Crypt
 57715 | Crypt:1  | Reached skill level 5 in Necromancy
 57858 | Crypt:1  | Reached skill level 20 in Spellcasting
 59340 | Crypt:2  | Noticed Boris
 59946 | Elf:3    | Learned a level 4 spell: Ice Form
 59950 | Elf:3    | You paid a toll of 3 potions of resistance to enter a
                  | treasure trove
 59951 | Trove    | Entered a treasure trove
 60044 | Elf:2    | Identified the cursed +6 short sword "Share My Oracle"
                  | {vamp, Self, Cun} (You took it off a kobold on level 1 of
                  | the Dungeon)
 60044 | Elf:2    | Identified the cursed +2 pair of gloves of Ashenzari's
                  | Sybil {Dex+3, Bglg, Self} (You found it on level 4 of the
                  | Lair of Beasts)
 60044 | Elf:2    | Identified the cursed +2 pair of boots of Ashenzari's Black
                  | Moon {Evo, Elem} (You found it on level 1 of the Snake Pit)
 60044 | Elf:2    | Identified the cursed +1 ring mail "Per Aspera Ad
                  | Scientiam" {rN+, Cun, Evo} (You found it on level 15 of the
                  | Dungeon)
 60699 | Crypt:2  | Killed Boris
 61182 | Crypt:3  | Entered Level 3 of the Crypt
 61196 | Crypt:3  | Identified the +7 dagger "Ijotsopn" {flame, Int+6}
 61452 | Crypt:3  | Identified the +8 great sword of True Grit {drain, +Blink
                  | Str+3}
 61777 | Crypt:3  | Reached XP level 23. HP: 147/147 MP: 51/55
 62501 | Crypt:3  | Found an ancient bone altar of Kikubaaqudgha.
 63276 | Crypt:3  | Identified the +1 robe "Miopun" {+Inv Regen+ rCorr}
 63292 | Crypt:3  | Noticed a dread lich
 63416 | Crypt:3  | Reached skill level 21 in Spellcasting
 63498 | Crypt:3  | Found a staircase to the Tomb.
 64778 | Crypt:3  | Identified Miajy's Papyrus of Necromancy
 64778 | Crypt:3  | Identified the +5 plate armour "Gonnulye" {Rampage +Inv rF+
                  | Str+5}
 66358 | D:13     | Upgraded the game from 0.27-a0-1296-g8ece459b43 to
                  | 0.27-a0-1301-g128193abf8
 66772 | Vaults:3 | Reached skill level 15 in Dodging
 67435 | Vaults:3 | Reached skill level 5 in Evocations
 67836 | Vaults:4 | Found a ruined gateway.
 67891 | Desolati | Entered the Desolation of Salt
 67993 | Vaults:4 | Found Socuorr's Armour Emporium.
 68345 | Vaults:4 | Found a gateway to a bazaar.
 68386 | Bazaar   | Entered a bazaar
 68411 | Bazaar   | Found Buppaoz's Magic Scroll Shoppe.
 68419 | Bazaar   | Bought 2 scrolls of enchant weapon for 210 gold pieces
 68419 | Bazaar   | Bought a scroll of enchant weapon for 105 gold pieces
 68430 | Bazaar   | Found Moveu's Magic Scroll Emporium.
 68438 | Bazaar   | Bought a scroll of enchant armour for 82 gold pieces
 68440 | Bazaar   | Found Faorch's Weapon Shop.
 69231 | Vaults:4 | Noticed Boris
 69247 | Vaults:4 | Killed Boris
 69374 | Vaults:4 | Found Afisipn's Armour Boutique.
 69435 | Vaults:4 | Found Zopnoann's Armour Shop.
 69770 | Vaults:4 | Found Kanyaf's Antique Armour Emporium.
 70042 | Depths:1 | Entered Level 1 of the Depths
 70115 | Depths:1 | Found a gateway to Hell.
 70341 | Depths:1 | Found a one-way gate leading to the halls of Pandemonium.
 70690 | Depths:1 | Identified the +5 rapier of the Beast {freeze, rElec Str+3
                  | Int-3 SInv}
 70709 | Depths:1 | Reached XP level 24. HP: 154/154 MP: 47/56
 71307 | Depths:1 | Found Faetiom's Assorted Antiques.
 71315 | Depths:1 | Bought an ancient dagger for 287 gold pieces
 71315 | Depths:1 | Identified the +6 dagger of the Lumpy Wishes {vorpal, Drain
                  | +Blink rPois Int+9} (You bought it in a shop on level 1 of
                  | the Depths)
 71472 | Depths:1 | Reached skill level 22 in Spellcasting
 71648 | Depths:1 | Found a runed translucent door.
 71653 | Depths:1 | Identified the +0 robe "Hocukhlyudd" {Rampage Dex+2}
 72083 | Depths:2 | Found a sacrificial altar of Ru.
 72459 | Depths:2 | Identified the +0 buckler of the Swamp {Int+3}
 72678 | Depths:2 | Found a glowing silver altar of Zin.
 72750 | Depths:2 | Identified the +1 ring mail of Birdsong {Dex+4}
 72886 | Depths:2 | Identified Dair's Volume of Sinister Rites and Clay
 73237 | Depths:2 | Found an ornate altar of the Wu Jian Council.
 73239 | Depths:2 | Noticed Saint Roka
 74476 | Depths:2 | Noticed Asterion
 74480 | Depths:2 | Killed Asterion
 74553 | Depths:2 | Identified the +6 rapier of Cataclysm {pain, Contam Fly
                  | Str+5 Int+2}
 75705 | Depths:2 | Noticed Sojobo
 75722 | Depths:2 | Killed Sojobo
 75755 | Depths:2 | Found a bloodstained altar of Trog.
 75901 | Depths:2 | Killed Saint Roka
 75902 | Depths:2 | Reached XP level 25. HP: 147/159 MP: 23/56
 76063 | Depths:3 | Reached skill level 10 in Evocations
 76110 | Depths:3 | Found a shimmering blue altar of Sif Muna.
 76727 | Depths:3 | Found Roggicwo's Armour Boutique.
 77090 | Depths:3 | Found a white marble altar of Elyvilon.
 77278 | Depths:3 | Found a gateway to a ziggurat.
 77281 | Depths:3 | Noticed an ancient lich
 77290 | Depths:3 | Killed an ancient lich
 77291 | Depths:3 | Reached skill level 23 in Spellcasting
 77488 | Depths:3 | Found a one-way gate to the infinite horrors of the Abyss.
 77564 | Depths:3 | Found Tilagiut's Book Shop.
 77569 | Depths:3 | Bought a book of the Warp for 1530 gold pieces
 77569 | Depths:3 | Bought a book of the Sky for 1105 gold pieces
 77574 | Depths:3 | Learned a level 4 spell: Passage of Golubria
 77579 | Depths:3 | Learned a level 4 spell: Summon Lightning Spire
 77776 | Depths:3 | Voluntarily entered the Abyss.
 77836 | Abyss:1  | Reached skill level 10 in Fighting
 77938 | Abyss:1  | Found a bloodstained altar of Trog.
 78205 | Depths:3 | Escaped the Abyss
 78743 | Depths:4 | Noticed a juggernaut
 79130 | Depths:3 | Voluntarily entered the Abyss.
 79535 | Depths:3 | Escaped the Abyss
 79579 | Depths:3 | Voluntarily entered the Abyss.
 80386 | Abyss:1  | Lost mutation: Your spells are a little harder to cast, but
                  | a little more powerful. [potion of mutation]
 80386 | Abyss:1  | Lost mutation: You are clumsy. (Dex -2) [potion of
                  | mutation]
 80386 | Abyss:1  | Gained mutation: You are partially covered in iridescent
                  | scales. (AC +2) [potion of mutation]
 80388 | Depths:3 | Escaped the Abyss
 81258 | Depths:4 | Killed a juggernaut
 81391 | Depths:4 | Identified the +8 spear of a treasure trove {protect, rPois
                  | Str+2 Dex+2}
 81513 | Depths:5 | Entered Level 5 of the Depths
 81812 | Depths:5 | Noticed Xtahua
 81822 | Depths:5 | Killed Xtahua
 81972 | Depths:5 | Reached XP level 26. HP: 162/162 MP: 36/56
 82561 | Depths:5 | Identified the +2 robe of Divine Intervention {rF++ Will-
                  | rCorr SInv}
 83121 | Depths:5 | Found a shadowy altar of Dithmenos.
 83308 | Depths:5 | Reached skill level 24 in Spellcasting
 83353 | Depths:5 | Noticed the Enchantress
 83369 | Depths:5 | Killed the Enchantress
 83607 | Depths:5 | Noticed a juggernaut
 83627 | Depths:5 | Killed a juggernaut
 83805 | Depths:5 | Learned a level 2 spell: Blink
 83933 | Depths:5 | Found a gate to the Realm of Zot.
 84443 | Vaults:5 | Entered Level 5 of the Vaults
 84838 | Vaults:5 | Cast into level 2 of the Abyss (vault guard)
 84862 | Abyss:3  | Found a corrupted altar of Lugonu.
 84944 | Abyss:3  | Gained mutation: You are weak. (Str -2) [a cacodemon]
 84993 | Abyss:4  | Found a corrupted altar of Lugonu.
 85003 | Abyss:5  | Entered Level 5 of the Abyss
 85003 | Abyss:5  | Found a corrupted altar of Lugonu.
 85124 | Abyss:5  | Paralysed by accursed screaming for 1 turns
 85617 | Vaults:5 | Escaped the Abyss
 85655 | Vaults:5 | Identified the +5 demon whip "Xucwomp" {freeze, rPois rN+
                  | Dex-2}
 85689 | Vaults:5 | Killed from afar by a tengu reaver

Illustrated notes

Levels and vault maps discovered:
D:1:      dpeg_arrival_ternary, layout_loops_ring, minmay_3d_cube
D:2:      layout_basic
D:3:      layout_rooms, lemuel_round_altar, general_overflow_altar,
          serial_shops, shop, grunt_ministairs_1
D:4:      layout_gridville, old_standard_altar, tso_oasis_becter,
          lemuel_tele_altar, minmay_temple_entry_large_hall,
          corexii_corridor_pit
D:5:      layout_rooms, lemuel_coloured_pillars_altar, uniq_eustachio,
          uniq_duvessa, uniq_crazy_yiuf_cottage
D:6:      layout_basic, amcnicky_altar_gilded, uniq_pikel
D:7:      layout_basic, grunt_temple_overflow_order_and_chaos_1, uniq_menkaure,
          uniq_joseph
D:8:      kennysheep_windowed_halls, layout_basic,
          nemelex_xobeh_ov_fountains_minmay
D:9:      layout_cave_pods, gammafunk_temple_overflow_wave, dpeg_lair_monsters
D:10:     layout_gridville, onia_ninara_cookie
D:11:     layout_loops_ring
D:12:     layout_loops_cross, orc_0_dummy
D:13:     layout_roguey, portal_ice_cave_demonic_guard
D:14:     layout_roguey, ximxim_vaults_locker_room, uniq_snorg
D:15:     hangedman_depths_entry_try_elsewhere_first, layout_basic,
          serial_shops, nicolae_shop_overgrown_old_shop, minmay_splitting_lines
Temple:   zaba_magenta_temple
Lair:1:   gammafunk_cloud_chamber, layout_gridlike,
          chequers_serial_rivers_small_a, beast_lair_carwin_6
Lair:2:   layout_cave_pods, grunt_megastairs_4
Lair:3:   layout_cave_pods, minmay_shoals_entry_beasts,
          kennysheep_basilisk_garden
Lair:4:   layout_big_grid, minmay_snake_entry_guardpost_medium,
          grunt_megastairs_5, minmay_lair_oklob_chamber
Lair:5:   layout_gridlike, slime_altar_1
Lair:6:   gammafunk_lair_ancient_temple, layout_loops_ring
Shoals:1: cheibrodos_shoals_three_sisters, layout_shoals,
          nicolae_shoals_undead_eyrie, uniq_roxanne
Shoals:2: layout_shoals, nicolae_shoals_hidden_pirate_stash
Shoals:3: nicolae_shoals_mermall, layout_shoals, uniq_polyphemus
Shoals:4: shoals_end_simple, layout_shoals, argonaut_gorgonesque, uniq_nikola
Snake:1:  gammafunk_sealed_arena, layout_rooms, uniq_frances
Snake:2:  layout_onion, st_stairs_3, nicolae_snake_bzzzt
Snake:3:  layout_chambers, grunt_megastairs_2
Snake:4:  snake_pit, layout_cave_town, serial_shops, shop,
          nicolae_snake_gridmaze_tees
Orc:1:    layout_diamond_mine, serial_shops, shop, elves_outpost_lemuel,
          uniq_josephine
Orc:2:    st_orc_pillars, layout_caves, nicolae_volcano_entry_vermiform
Elf:1:    layout_loops_corners, evilmike_minifort, evilmike_spriggan_trog_shrine
Elf:2:    layout_rooms, hex_medium, moated_statue, minmay_misc_feat_cross,
          hangedman_elf_simple_split, nicolae_shop_self_help
Elf:3:    minmay_elf_hall_spiked, layout_gridlike, special_room
          [special_room_orc], nicolae_trove_entry_isolated
Vaults:1: hangedman_vaults_stagger, vaults_mumra_hex, vaults_standard_mumra_x,
          vaults_room_pool, nicolae_vaults_theta, grunt_vaults_twisty,
          grunt_vaults_hallway_long, layout_vaults_omnigrid
Vaults:2: v_misc_16, nicolae_vaults_network_barrier, v_misc_5, st_cross,
          ontoclasm_vaults_spin, nicolae_vaults_network_square,
          nicolae_vaults_big_angled_halls, ontoclasm_vaults_twist,
          nicolae_vaults_shelves_hall, vaults_room_fours,
          layout_vaults_big_room, serial_shops, shop
Vaults:3: v_misc_28, nicolae_vaults_arrows, minmay_crypt_entry_simple_walls,
          hangedman_vaults_river_flow, v_misc_33, v_misc_9, serial_ice_m,
          nicolae_vaults_little_squares_4, vaults_room_corners, v_misc_25,
          v_misc_16, vaults_room_stairs_pillars, layout_vaults_maze_bifur
Vaults:4: vaults_mumra_lcd, v_misc_16, nicolae_vaults_alarming, v_misc_22,
          v_misc_14, ontoclasm_vaults_hangar, ontoclasm_vaults_idyll,
          nicolae_vaults_branching_niches, v_misc_28, vaults_dpeg_spiral,
          v_misc_19, vaults_room_hallway, v_misc_12, layout_vaults_big_cross,
          serial_shops, bzr_entry_safe, shop, shop, shop, shop,
          portal_desolation_entry_salt
Vaults:5
Crypt:1:  layout_gridlike, grunt_megastairs_1, roderic_lattice_octagonal_star
Crypt:2:  layout_misc_corridors, uniq_boris
Crypt:3:  evilmike_haunted_forest
Depths:1: layout_gridlike, serial_shops, nicolae_shop_trees,
          rand_demon_pan_entry_4, pf_hell_entry_tar_spiral, drop_trap,
          minmay_misc_feat_x, minivault_16, st_stairs_8, lightli_gold_pyramid
Depths:2: grunt_profane_halls [grunt_profane_temple_dis,
          grunt_profane_temple_coc, grunt_profane_temple_geh,
          grunt_profane_temple_tar, grunt_profane_loot], hell_entry,
          uniq_sojobo, uniq_asterion, uniq_saint_roka
Depths:3: minmay_stepped, layout_cave_pools, enter_ziggurat_c,
          nicolae_sif_muna_condensation, abyss_entry, hellmouth_1, serial_shops,
          shop, rand_demon_pan_entry_9, nicolae_elyvilon_peaceful_grove,
          firewood_loft, infiniplex_staircase_river, minmay_shop_star
Depths:4: minmay_octo_star, layout_cave_shapes, nrook_mini_vaults, abyss_entry,
          hell_entry, infiniplex_staircase_zigzag_5
Depths:5: grunt_zot_entry_alcove, layout_basic,
          grunt_dithmenos_smoke_and_mirrors, hell_entry, pan_entry,
          minmay_fire_ice_demons, uniq_xtahua, uniq_enchantress

Skill      XL: |  1  2  3  4  5  6  7  8  9 10 11 12 13 14 15 16 17 18 19 20 21 22 23 24 25 26 |
---------------+-------------------------------------------------------------------------------+-----
Conjurations   | 5 6 7 9 10 11 12 13 14 15 16 17 | 17.3
Stealth        | 3 4 5 7 8 9 11 12 13 14 15 17 18 | 18.9
Hexes          | 1 2 3 5 6 8 9 10 11 | 11.6
Short Blades   | 1 2 3 4 5 6 8 10 11 12 13 | 13.5
Spellcasting   | 4 5 7 9 10 11 12 13 14 15 16 18 19 20 21 22 23 24 | 24.4
Dodging        | 3 4 5 6 7 9 10 11 12 13 14 15 20 21 | 21.2
Fighting       | 1 2 3 4 5 6 7 8 9 10 | 10.4
Translocations | 3 5 6 7 8 9 |  9.3
Shields        | 1 2 3 4 5 6 7 8 9 |  9.2
Transmutations | 3 4 5 6 7 |  7.7
Earth Magic    | 3 6 7 8 9 10 11 12 13 | 13.5
Ice Magic      | 3 |  3.3
Crossbows      | 1 2 3 4 5 6 |  6.4
Evocations     | 1 2 3 9 13 14 | 14.7
Armour         | 2 3 4 5 6 7 |  7.9
Fire Magic     | 3 8 10 11 12 13 14 | 14.6
Necromancy     | 7 8 9 |  9.0
Polearms       | |  0.9

Action                   |  1- 3 |  4- 6 |  7- 9 | 10-12 | 13-15 | 16-18 | 19-21 | 22-24 | 25-27 || total
-------------------------+-------+-------+-------+-------+-------+-------+-------+-------+-------++-------
Melee: Dagger            |    36 |       |       |       |       |       |       |   228 |   314 ||   578
       Short sword       |    19 |    45 |   100 |   440 |   542 |   813 |  1783 |  1793 |       ||  5535
       Halberd           |       |       |       |     2 |       |       |       |       |       ||     2
       Quick blade       |       |       |       |       |       |       |       |       |  1384 ||  1384
 Fire: Hand crossbow     |       |       |       |     3 |    94 |   241 |    58 |       |       ||   396
Throw: Dart              |       |       |       |       |     1 |     1 |       |       |       ||     2
 Cast: Magic Dart        |    33 |    30 |    47 |    75 |    49 |    39 |    36 |    57 |    55 ||   421
       Searing Ray       |     2 |    10 |    31 |   109 |   171 |   176 |    12 |    11 |     6 ||   528
       Fulminant Prism   |       |       |     1 |     5 |    18 |    17 |     2 |       |       ||    43
       Dazzling Flash    |       |       |       |    29 |    16 |     2 |       |       |       ||    47
       Iskenderun's Myst |       |       |       |     6 |     5 |    98 |   133 |   103 |    75 ||   420
       Ensorcelled Hiber |       |       |       |       |     6 |       |       |       |       ||     6
       Passwall          |       |       |       |       |    24 |    47 |    84 |    10 |    28 ||   193
       Lee's Rapid Decon |       |       |       |       |     1 |    16 |    70 |   113 |    28 ||   228
       Fireball          |       |       |       |       |       |    83 |   148 |   232 |   102 ||   565
       Sticky Flame      |       |       |       |       |       |    24 |   163 |   164 |    54 ||   405
       Apportation       |       |       |       |       |       |     5 |     1 |     8 |     6 ||    20
       Tukima's Dance    |       |       |       |       |       |       |     4 |       |       ||     4
       Irradiate         |       |       |       |       |       |       |     9 |     5 |     2 ||    16
       Bolt of Magma     |       |       |       |       |       |       |     2 |    19 |    44 ||    65
       Cause Fear        |       |       |       |       |       |       |     1 |     3 |     1 ||     5
       Dispel Undead     |       |       |       |       |       |       |       |    74 |    22 ||    96
       Vampiric Draining |       |       |       |       |       |       |       |    14 |     1 ||    15
       Ice Form          |       |       |       |       |       |       |       |     1 |       ||     1
       Summon Lightning  |       |       |       |       |       |       |       |       |     1 ||     1
       Blink             |       |       |       |       |       |       |       |       |     2 ||     2
Invok: Curse Item        |       |       |     1 |     3 |     3 |     4 |     3 |     2 |     1 ||    17
       Shatter the Chain |       |       |       |       |       |     3 |     1 |     2 |     1 ||     7
 Abil: Evoke Blink       |       |       |       |       |       |       |       |     1 |       ||     1
Evoke: Wand              |       |       |       |     2 |    22 |    12 |       |    17 |    31 ||    84
       Tin of tremorston |       |       |       |       |     2 |       |       |     1 |       ||     3
       Lightning rod     |       |       |       |       |       |     1 |       |     8 |    19 ||    28
       Condenser vane    |       |       |       |       |       |       |     1 |     4 |     3 ||     8
       Phial of floods   |       |       |       |       |       |       |       |     2 |     3 ||     5
       Box of beasts     |       |       |       |       |       |       |       |     1 |     1 ||     2
  Use: Scroll            |       |     5 |     2 |     4 |     1 |     5 |    14 |     4 |    10 ||    45
       Potion            |       |       |       |       |     5 |     7 |     7 |       |     5 ||    24
 Stab: Sleeping          |     9 |     2 |     9 |     9 |    41 |    38 |   115 |    60 |    14 ||   297
       Distracted        |       |       |       |     1 |       |     1 |    12 |     6 |    10 ||    30
       Invisible         |       |       |       |    26 |    27 |     3 |       |       |       ||    56
       Paralysed         |       |       |       |       |       |       |     1 |       |       ||     1
Armor: Robe              |    15 |    14 |    24 |   172 |   123 |    24 |       |       |       ||   372
       Fire dragon scale |       |       |       |       |    31 |     6 |       |       |       ||    37
       Leather armour    |       |       |       |       |     4 |    78 |       |       |       ||    82
       Steam dragon scal |       |       |       |       |     1 |       |       |       |       ||     1
       Ring mail         |       |       |       |       |       |   128 |   380 |   483 |   307 ||  1298
Dodge: Dodged            |    29 |    35 |    68 |   465 |   581 |   595 |  1035 |  1150 |   789 ||  4747
Block: Buckler           |       |       |       |    62 |   141 |   221 |   430 |   531 |   293 ||  1678

Table legend: (Time is in decaauts)
 A = Elapsed time spent in this place.
 B = Non-inter-level travel time spent in this place.
 C = Inter-level travel time spent in this place.
 D = Time resting spent in this place.
 E = Time spent auto-exploring this place.
 F = Levels seen in this place.
 G = Mean time per level.
                   A        B        C        D        E       F      G
               +--------+--------+--------+--------+--------+-----+--------+
         Total |  82541 |  73990 |   8551 |   7690 |  43747 |  60 | 1375.7 |
       Dungeon |  19013 |  16303 |   2710 |    773 |  12194 |  15 | 1267.5 |
        Temple |     76 |     57 |     19 |      0 |     51 |   1 |   76.0 |
          Lair |   9113 |   8002 |   1111 |    746 |   5242 |   6 | 1518.8 |
        Shoals |   7064 |   6739 |    325 |   1439 |   3295 |   4 | 1766.0 |
     Snake Pit |   6068 |   5492 |    576 |    800 |   2482 |   4 | 1517.0 |
  Orcish Mines |   2782 |   2471 |    311 |     40 |   1435 |   2 | 1391.0 |
   Elven Halls |   7079 |   6516 |    563 |    947 |   3340 |   3 | 2359.7 |
        Vaults |   9860 |   8268 |   1592 |    620 |   4880 |   5 | 1972.0 |
         Crypt |   7114 |   6573 |    541 |   1099 |   3454 |   3 | 2371.3 |
        Depths |  11809 |  11011 |    798 |   1203 |   6605 |   5 | 2361.8 |
         Abyss |   1707 |   1707 |      0 |     22 |    285 |   7 |  243.9 |
        Bazaar |    138 |    138 |      0 |      0 |    137 |   1 |  138.0 |
         Trove |     54 |     54 |      0 |      0 |     32 |   1 |   54.0 |
      Ice Cave |    216 |    216 |      0 |      0 |    130 |   1 |  216.0 |
       Volcano |    366 |    366 |      0 |      0 |    183 |   1 |  366.0 |
    Desolation |     74 |     74 |      0 |      0 |      0 |   1 |   74.0 |
               +--------+--------+--------+--------+--------+-----+--------+

Top non-repeatable levels by time:
 Crypt:3: 4056 daAuts
Depths:2: 3566 daAuts
   Elf:2: 2685 daAuts
Vaults:1: 2676 daAuts
Vaults:3: 2625 daAuts
Depths:1: 2413 daAuts
Depths:5: 2342 daAuts
     D:8: 2340 daAuts
Depths:3: 2321 daAuts
Vaults:4: 2315 daAuts
    D:14: 2287 daAuts
   Elf:1: 2197 daAuts
   Elf:3: 2196 daAuts
Shoals:1: 2167 daAuts
 Crypt:1: 2162 daAuts
